 Dungeon Crawl Stone Soup version 0.15.1-2-g8fbdab7 (webtiles) character file.

2618 Kex the Skirmisher (level 9, -4/57 HPs)
             Began as a Gargoyle Monk on Oct 1, 2014.
             Was a Priest of Cheibriados.
             Killed by divine providence
             ... invoked by an orc priest
              (8 damage)
             ... on Level 7 of the Dungeon on Oct 2, 2014.
             The game lasted 00:36:58 (8803 turns).

Kex the Skirmisher (Gargoyle Monk)                  Turns: 8803, Time: 00:36:58

HP  -4/57        AC 18     Str 26      XL: 9   Next: 60%
MP   9/10        EV 16     Int 19      God: Cheibriados [***...]
Gold 149         SH  0     Dex 20      Spells:  0 memorised,  8 levels left

rFire  + . .     SeeInvis +     y - +2 mace (holy)
rCold  . . .     Clarity  .     s - +3 ring mail of the Trilobite {rPois MR++ SInv}
rNeg   + . .     rCorr    .     (no shield)
rPois  +         rRot     +     k - +0 helmet
rElec  +         Spirit   .     e - +0 cloak
SustAb .         Warding  .     w - +0 pair of gloves
rMut   .         Stasis   .     (no boots)
Gourm  +                        x - amulet of the gourmand
MR     ++...                    (no ring)
                                o - ring of protection from fire

@: very slightly contaminated, very slow, very resistant to hostile
enchantments, unstealthy
A: negative energy resistance 1, electricity resistance, unbreathing,
petrification resistance, rot immunity, AC +5
a: Bend Time, Temporal Distortion, Renounce Religion


You were on level 7 of the Dungeon.
You worshipped Cheibriados.
Cheibriados was most pleased with you.
You were not hungry.

You visited 2 branches of the dungeon, and saw 9 of its levels.

You collected 455 gold pieces.
You spent 306 gold pieces at shops.

Inventory:

Hand weapons
 y - a +2 mace of holy wrath (weapon)
Armour
 e - a +0 cloak (worn)
 k - a +0 helmet (worn)
 s - the +3 ring mail of the Trilobite (worn) {rPois MR++ SInv}
   (You bought it in a shop on level 4 of the Dungeon)

   It protects you from poison.
   It affects your resistance to hostile enchantments.
   It enhances your eyesight.
 w - a +0 pair of gloves (worn)
Magical devices
 f - a wand of magic darts (9)
Comestibles
 b - 10 bread rations
 c - 2 beef jerkies
 g - 7 slices of pizza
 p - 3 meat rations
Scrolls
 d - a scroll of enchant weapon
 j - 2 scrolls of remove curse
 r - a scroll of fear
Jewellery
 o - a ring of protection from fire (left hand)
 x - an amulet of the gourmand (around neck)
Potions
 h - a potion of magic
 i - 5 potions of might
 m - 3 potions of brilliance


   Skills:
 + Level 7.0 Fighting
 + Level 5.7 Maces & Flails
 + Level 6.1 Armour
 + Level 7.0 Dodging
 - Level 2.1 Stealth
 - Level 4.0 Unarmed Combat
 + Level 1.2 Invocations
 + Level 0.4 Evocations


You had 8 spell levels left.
You didn't know any spells.

Dungeon Overview and Level Annotations

Branches:
Dungeon (8/15)             Temple (1/1) D:5
   Lair: D:8-11

Altars:
Ashenzari
Cheibriados
Dithmenos
Elyvilon
Fedhas
Kikubaaqudgha
Nemelex Xobeh
Qazlal
Sif Muna
Trog
Vehumet
Xom
Yredelemnul
Zin
The Shining One

Shops:
D:4 [   D:5 (


Innate Abilities, Weirdness & Mutations

You are resistant to torment.
You are immune to poison.
Your stone body is very resilient (AC +5).
You resist negative energy.
You are resistant to electric shocks.
You can survive without breathing.
You are immune to petrification.
You are immune to rotting.


Message History

The gnoll shouts!
The orc shouts!
Found 14 sling bullets, a slice of pizza and a hunting sling.
There is a stone staircase leading up here.
The orc warrior closely misses you.
You climb upwards.
There is a stone staircase leading down here.
Drink which item? (? for menu, Esc to quit)
Okay, then.
Read which item? (? for menu, Esc to quit)
Blink to where?
Press: ? - help, Dir - move target cursor
As you read the scroll of blinking, it crumbles to dust.
You are very lightly contaminated with residual magic.
The orc priest's eyes start to glow.
The orc priest utters an invocation to Beogh.
You feel troubled.
The orc priest glows brightly for a moment.
The orc priest invokes the aid of Beogh against you.
Something smites you!
You die...

#..## ####.......## #..###
##..###.# #### #..o.###
#..##### #..##
#..#o...#####..##
#...####..#......####..##
#....##...#........##...#
#....##..##..........#..### #
#.....#..##...............##
##
##......###.@...........#..#
.## #......#
##......).....#### ..#
#..(...# ##............#
..#####....####.............#
......))...#.(............###
...#####........##.....####
#### #################


You could see 2 orc priests.

Vanquished Creatures
  4 yaks
  A human (D:7)
  Edmund (D:5)
  An orc warrior (D:7)
  A black bear (D:6)
  3 ogres
  Duvessa (D:6)
  2 centaurs
  3 giant frogs
  Blork the orc (D:6)
  2 eyes of draining (D:4)
  2 crimson imps
  A giant frog zombie (D:5)
  Dowan (D:6)
  A gnoll shaman (D:4)
  3 orc priests
  A centaur skeleton (D:5)
  An iguana (D:5)
  2 orc wizards
  2 worker ants
  3 sheep (D:7)
  Ijyb (D:2)
  7 gnolls
  A green rat (D:4)
  A shadow imp (D:5)
  2 giant mites
  6 adders
  A goliath beetle zombie (D:6)
  An ooze (D:4)
  22 orcs
  15 bats
  12 goblins
  10 hobgoblins
  6 jackals
  4 ball pythons
  2 giant cockroaches
  4 giant geckos
  7 giant newts
  A goblin skeleton (D:4)
  12 kobolds
  A quokka skeleton (D:6)
  10 rats
163 creatures vanquished.

Notes
Turn   | Place    | Note
--------------------------------------------------------------
     0 | D:1      | Kex, the Gargoyle Monk, began the quest for the Orb.
     0 | D:1      | Reached XP level 1. HP: 14/14 MP: 1/1
   210 | D:1      | Reached XP level 2. HP: 19/19 MP: 2/2
   828 | D:2      | Noticed Ijyb
   883 | D:2      | Killed Ijyb
   883 | D:2      | Reached skill level 1 in Armour
   883 | D:2      | Reached XP level 3. HP: 13/24 MP: 3/3
  1042 | D:2      | Found a glowing golden altar of the Shining One.
  2013 | D:3      | Reached XP level 4. HP: 9/29 MP: 4/4
  2434 | D:3      | Reached skill level 1 in Maces & Flails
  2520 | D:3      | Reached XP level 5. HP: 33/33 MP: 5/5
  2803 | D:4      | Found Zuvam Isti's Antique Armour Emporium.
  3169 | D:4      | Reached XP level 6. HP: 36/38 MP: 6/6
  3257 | D:4      | Found a bloodstained altar of Trog.
  3413 | D:4      | Bought a shimmering ring mail for 225 gold pieces
  3424 | D:4      | Identified the cursed +3 ring mail of the Trilobite {rPois MR++ SInv} (You bought it in a shop on level 4 of the Dungeon)
  3883 | D:4      | Found a sparkling altar of Nemelex Xobeh.
  3972 | D:5      | Entered Level 5 of the Dungeon
  3981 | D:5      | HP: 1/39 [ogre/giant club (6)]
  3982 | D:5      | Reached XP level 7. HP: 1/44 MP: 7/7
  4593 | D:5      | Reached skill level 5 in Fighting
  4640 | D:5      | HP: 2/44 [orc priest (3)]
  5256 | D:5      | Found Xialoebri's Antique Weapon Shop.
  5275 | D:5      | Bought a glowing mace for 81 gold pieces
  5286 | D:5      | Noticed Edmund
  5311 | D:5      | Killed Edmund
  5311 | D:5      | Reached XP level 8. HP: 36/50 MP: 8/8
  5816 | D:5      | Found a staircase to the Ecumenical Temple.
  5828 | Temple   | Entered the Ecumenical Temple
  5980 | Temple   | Became a worshipper of Cheibriados the Contemplative
  6120 | D:5      | Reached skill level 5 in Dodging
  6386 | D:6      | Reached skill level 5 in Armour
  6704 | D:6      | Reached skill level 6 in Fighting
  6810 | D:6      | Noticed Dowan
  6817 | D:6      | Killed Dowan
  6824 | D:6      | Noticed Duvessa
  6833 | D:6      | Killed Duvessa
  7243 | D:6      | Acquired Cheibriados' first power
  7447 | D:6      | Reached skill level 5 in Maces & Flails
  7447 | D:6      | Reached XP level 9. HP: 25/56 MP: 9/9
  7952 | D:6      | Noticed Blork the orc
  7963 | D:6      | Killed Blork the orc
  8637 | D:7      | Reached skill level 7 in Fighting
  8637 | D:7      | Reached skill level 1 in Invocations
  8784 | D:7      | HP: 1/57 [orc priest/divine providence (7)]
  8803 | D:7      | Killed from afar by an orc priest

Action                   |  1- 3 |  4- 6 |  7- 9 || total
-------------------------+-------+-------+-------++-------
Melee: Club              |   261 |    12 |       ||   273
       Unarmed           |     1 |    56 |       ||    57
       Flail             |       |   156 |       ||   156
       Morningstar       |       |     7 |   102 ||   109
       Mace              |       |       |   303 ||   303
Invok: Bend Time         |       |       |     4 ||     4
Evoke: Wand              |       |       |     3 ||     3
  Use: Scroll            |     4 |     7 |    10 ||    21
       Potion            |     1 |     4 |     6 ||    11
 Stab: Sleeping          |       |       |     1 ||     1
  Eat: Chunk             |     4 |     4 |    12 ||    20
       Meat ration       |       |     1 |       ||     1
